cohdb
Replays
Latest Replays
All Replays
Popular Replays
Top Player Replays
Match Explorer
How It Works
Community
CoH3 Stats
Reddit
Sign in to upload your games and track your stats! →
Sign in with Steam
Match 45360082
Unlisted
Match 45360082
Overview
Messages
Build Orders
End
Construct Weapon Support Center
M1919 Machine Gun Team
Bazooka Squad
M1919 Machine Gun Team
M1919 Machine Gun Team
Bazooka Squad
Mechanized Support Center
M3 Armored Personnel Carrier
M3 Armored Personnel Carrier
M3 Armored Personnel Carrier
M3 Armored Personnel Carrier
M3 Armored Personnel Carrier
Selects Heavy Weapons
Selects Assault Carriers
Designate Forward Repair Station
M3 Assault Carrier
M3 Assault Carrier
Bazooka Squad
Bazooka Squad
Bazooka Squad
Bazooka Squad
Improved M9 Bazooka Rockets
Masang
OsteoporoticBoxer
Bubbciss
PH0BB05
Bophades
洛洛
Frodo Swaggins
Agerjag
0
0
Comments
sign in to comment!
No comments posted yet!